| TOP OF THE 1ST |
|
Coastal Carolina University Chanticleers batting - Pitching for Florida State University Seminoles : RHP Pat Knapke
|
|
Pitching: RHP Pat Knapke
|
|
|
Batting: LHB Justin Sanders
|
0-0: Ball 1-0: Foul Ball, location: 2F 1-1: Called Strike 1-2: Foul Ball, location: 2F 1-2: Strikes out swinging
|
|
Batting: RHB Tristan Williams
|
0-0: Reached on error, E4 (Groundball, 34, EV 107.5 MPH)
|
|
Batting: RHB Tristan Walsh
|
0-0: Ball 1-0: Ball Tristan Williams is caught stealing 2nd base 2-4 2-0: Ball 3-0: Called Strike 3-1: Swinging Strike 3-2: Fly out, F8 (Line Drive, 8RS, EV 94.4 MPH)
|
| Top of the 1st over - 0 runs, 0 hits, 1 error, 0 left on base; Coastal Carolina University 0 - Florida State University 0 |
| BOTTOM OF THE 1ST |
|
Florida State University Seminoles batting - Pitching for Coastal Carolina University Chanticleers : LHP Elijah Mangrum
|
|
Pitching: LHP Elijah Mangrum
|
|
|
Batting: SHB Jon Odle
|
0-0: Foul Ball, location: 2F 0-1: Fly out, F7 (Flyball, 78M, EV 96.9 MPH)
|
|
Batting: RHB Jeff Blakeney
|
0-0: Foul Ball, location: 2F 0-1: Ball 1-1: Ball 2-1: Called Strike 2-2: Strikes out swinging
|
|
Batting: RHB Tony Valdez
|
0-0: Called Strike 0-1: Swinging Strike 0-2: Ball 1-2: Ball 2-2: SINGLE (Groundball, 34D, EV 98.1 MPH)
|
|
Batting: LHB John Doiron
|
0-0: Called Strike 0-1: Foul Ball, location: 2F 0-2: Strikes out swinging
|
| Bottom of the 1st over - 0 runs, 1 hit, 0 errors, 1 left on base; Coastal Carolina University 0 - Florida State University 0 |
| TOP OF THE 2ND |
|
Coastal Carolina University Chanticleers batting - Pitching for Florida State University Seminoles : RHP Pat Knapke
|
|
Batting: RHB Mark Tart
|
0-0: Ball 1-0: Ground out 5-3 (Groundball, 5, EV 103.8 MPH)
|
|
Batting: LHB Tim Kirby
|
0-0: Ball 1-0: Foul Ball, location: 2F 1-1: Ball 2-1: Swinging Strike 2-2: Strikes out swinging
|
|
Batting: RHB Pedro Delgado
|
0-0: SINGLE (Groundball, 6D, EV 111.2 MPH)
|
|
Batting: SHB Iher Waithaka
|
0-0: Called Strike Pedro Delgado is caught stealing 2nd base 2-6
|
| Top of the 2nd over - 0 runs, 1 hit, 0 errors, 0 left on base; Coastal Carolina University 0 - Florida State University 0 |
| BOTTOM OF THE 2ND |
|
Florida State University Seminoles batting - Pitching for Coastal Carolina University Chanticleers : LHP Elijah Mangrum
|
|
Batting: RHB George Smienk
|
0-0: Foul Ball, location: 2F 0-1: Swinging Strike 0-2: Ball 1-2: Strikes out swinging
|
|
Batting: LHB Jeff Shields
|
0-0: Called Strike 0-1: Swinging Strike 0-2: Strikes out swinging
|
|
Batting: SHB John Welsh
|
0-0: Ball 1-0: Hit by Pitch
|
|
Batting: LHB Brian Clayton
|
0-0: Ball Wild Pitch! John Welsh to second 1-0: Swinging Strike 1-1: Ball 2-1: Ball 3-1: Swinging Strike 3-2: Ground out 4-3 (Groundball, 34, EV 86.2 MPH)
|
| Bottom of the 2nd over - 0 runs, 0 hits, 0 errors, 1 left on base; Coastal Carolina University 0 - Florida State University 0 |
| TOP OF THE 3RD |
|
Coastal Carolina University Chanticleers batting - Pitching for Florida State University Seminoles : RHP Pat Knapke
|
|
Batting: SHB Iher Waithaka
|
0-0: Ball 1-0: Foul Ball, location: 2F 1-1: Fly out, F9 (Flyball, 9, EV 86.9 MPH)
|
|
Batting: LHB Jason Melek
|
0-0: Ball 1-0: Swinging Strike 1-1: Called Strike 1-2: Ball 2-2: Strikes out swinging
|
|
Batting: RHB Rene Napoles
|
0-0: Ball 1-0: Swinging Strike 1-1: Ball 2-1: Called Strike 2-2: Ball 3-2: Base on Balls
|
|
Batting: LHB Justin Sanders
|
0-0: Called Strike Rene Napoles steals 2nd base (no throw) 0-1: Ground out 1-3 (Groundball, 23, EV 69.4 MPH)
|
| Top of the 3rd over - 0 runs, 0 hits, 0 errors, 1 left on base; Coastal Carolina University 0 - Florida State University 0 |
| BOTTOM OF THE 3RD |
|
Florida State University Seminoles batting - Pitching for Coastal Carolina University Chanticleers : LHP Elijah Mangrum
|
|
Batting: LHB Matt Stewart
|
0-0: Ball 1-0: Foul Ball, location: 2F 1-1: Ball 2-1: Ball 3-1: Ground out 6-3 (Groundball, 6S, EV 72.5 MPH)
|
|
Batting: SHB Jon Odle
|
0-0: Ball 1-0: Called Strike 1-1: Called Strike 1-2: Ball 2-2: Strikes out swinging
|
|
Batting: RHB Jeff Blakeney
|
0-0: Swinging Strike 0-1: Ground out 6-3 (Groundball, 6, EV 88.1 MPH)
|
| Bottom of the 3rd over - 0 runs, 0 hits, 0 errors, 0 left on base; Coastal Carolina University 0 - Florida State University 0 |
| TOP OF THE 4TH |
|
Coastal Carolina University Chanticleers batting - Pitching for Florida State University Seminoles : RHP Pat Knapke
|
|
Batting: RHB Tristan Williams
|
0-0: Ball 1-0: Ground out 4-3 (Groundball, 4, EV 83.8 MPH)
|
|
Batting: RHB Tristan Walsh
|
0-0: Swinging Strike 0-1: Ball 1-1: Ground out 6-3 (Groundball, 6, EV 94.4 MPH)
|
|
Batting: RHB Mark Tart
|
0-0: Called Strike 0-1: Called Strike 0-2: Strikes out swinging
|
| Top of the 4th over - 0 runs, 0 hits, 0 errors, 0 left on base; Coastal Carolina University 0 - Florida State University 0 |
| BOTTOM OF THE 4TH |
|
Florida State University Seminoles batting - Pitching for Coastal Carolina University Chanticleers : LHP Elijah Mangrum
|
|
Batting: RHB Tony Valdez
|
0-0: Called Strike 0-1: Foul Ball, location: 2F 0-2: SOLO HOME RUN (Flyball, 9LD, EV 93.1 MPH), Distance : 340 ft
|
|
Batting: LHB John Doiron
|
0-0: Foul Ball, location: 2F 0-1: Ball 1-1: Called Strike 1-2: Foul Ball, location: 2F 1-2: Ball 2-2: Fly out, F7 (Flyball, 7LS, EV 78.8 MPH)
|
|
Batting: RHB George Smienk
|
0-0: Ball 1-0: Foul Ball, location: 2F 1-1: SINGLE (Groundball, 56D, EV 103.1 MPH) (infield hit)
|
|
Batting: LHB Jeff Shields
|
0-0: Ball 1-0: Called Strike 1-1: Foul Ball, location: 2F 1-2: Ball 2-2: Foul Ball, location: 2F 2-2: Foul Ball, location: 2F 2-2: Strikes out swinging
|
|
Batting: SHB John Welsh
|
0-0: Ball 1-0: Ball George Smienk is caught stealing 2nd base 2-4
|
| Bottom of the 4th over - 1 run, 2 hits, 0 errors, 0 left on base; Coastal Carolina University 0 - Florida State University 1 |
| TOP OF THE 5TH |
|
Coastal Carolina University Chanticleers batting - Pitching for Florida State University Seminoles : RHP Pat Knapke
|
|
Batting: LHB Tim Kirby
|
0-0: Called Strike 0-1: Foul Ball, location: 2F 0-2: Strikes out looking
|
|
Batting: RHB Pedro Delgado
|
0-0: Ball 1-0: Swinging Strike 1-1: Swinging Strike 1-2: Strikes out swinging
|
|
Batting: SHB Iher Waithaka
|
0-0: Foul Ball, location: 2F 0-1: Swinging Strike 0-2: Strikes out swinging
|
| Top of the 5th over - 0 runs, 0 hits, 0 errors, 0 left on base; Coastal Carolina University 0 - Florida State University 1 |
| BOTTOM OF THE 5TH |
|
Florida State University Seminoles batting - Pitching for Coastal Carolina University Chanticleers : LHP Elijah Mangrum
|
|
Batting: SHB John Welsh
|
0-0: SOLO HOME RUN (Flyball, 7LD, EV 95.0 MPH), Distance : 354 ft
|
|
Batting: LHB Brian Clayton
|
0-0: Ground out 6-3 (Groundball, 6M, EV 106.9 MPH)
|
|
Batting: LHB Matt Stewart
|
0-0: Fly out, F8 (Flyball, 8LD, EV 93.8 MPH)
|
|
Batting: SHB Jon Odle
|
0-0: Called Strike 0-1: Ball 1-1: Ground out 5-3 (Groundball, 56, EV 83.8 MPH)
|
| Bottom of the 5th over - 1 run, 1 hit, 0 errors, 0 left on base; Coastal Carolina University 0 - Florida State University 2 |
| TOP OF THE 6TH |
|
Coastal Carolina University Chanticleers batting - Pitching for Florida State University Seminoles : RHP Pat Knapke
|
|
Batting: LHB Jason Melek
|
0-0: Ground out 3-1 (Groundball, 34S, EV 85.0 MPH)
|
|
Batting: RHB Rene Napoles
|
0-0: Called Strike 0-1: Foul Ball, location: 2F 0-2: Foul Ball, location: 2F 0-2: Strikes out swinging
|
|
Batting: LHB Justin Sanders
|
0-0: Called Strike 0-1: Ball 1-1: Called Strike 1-2: Ball 2-2: Strikes out swinging
|
| Top of the 6th over - 0 runs, 0 hits, 0 errors, 0 left on base; Coastal Carolina University 0 - Florida State University 2 |
| BOTTOM OF THE 6TH |
|
Florida State University Seminoles batting - Pitching for Coastal Carolina University Chanticleers : LHP Elijah Mangrum
|
|
Batting: RHB Jeff Blakeney
|
0-0: Fly out, F9 (Line Drive, 9LM, EV 110.0 MPH)
|
|
Batting: RHB Tony Valdez
|
0-0: Ball 1-0: Called Strike 1-1: Foul Ball, location: 2F 1-2: SINGLE (Line Drive, 34D, EV 108.1 MPH)
|
|
Batting: LHB John Doiron
|
0-0: Called Strike 0-1: Swinging Strike 0-2: Ball 1-2: Foul Ball, location: 2F 1-2: Strikes out swinging
|
|
Pitching: RHP Mitsuaki Fukunaga
|
|
|
Batting: RHB George Smienk
|
0-0: Ball 1-0: Ground out 4-3 (Groundball, 34S, EV 84.4 MPH)
|
| Bottom of the 6th over - 0 runs, 1 hit, 0 errors, 1 left on base; Coastal Carolina University 0 - Florida State University 2 |
| TOP OF THE 7TH |
|
Coastal Carolina University Chanticleers batting - Pitching for Florida State University Seminoles : RHP Pat Knapke
|
|
Batting: RHB Tristan Williams
|
0-0: Called Strike 0-1: Ball 1-1: Ball 2-1: Called Strike 2-2: Foul Ball, location: 2F 2-2: Ground out U3 (Groundball, 34S, EV 80.6 MPH)
|
|
Batting: RHB Tristan Walsh
|
0-0: Ball 1-0: Ball 2-0: Fly out, F8 (Flyball, 8LD, EV 95.0 MPH)
|
|
Batting: RHB Mark Tart
|
0-0: Ball 1-0: Called Strike 1-1: Fly out, F8 (Line Drive, 8LM, EV 105.6 MPH)
|
| Top of the 7th over - 0 runs, 0 hits, 0 errors, 0 left on base; Coastal Carolina University 0 - Florida State University 2 |
| BOTTOM OF THE 7TH |
|
Florida State University Seminoles batting - Pitching for Coastal Carolina University Chanticleers : RHP Mitsuaki Fukunaga
|
|
Batting: LHB Jeff Shields
|
0-0: Ball 1-0: Foul Ball, location: 2F 1-1: Ball 2-1: Ball 3-1: Foul Ball, location: 2F 3-2: DOUBLE (Flyball, 7LD, EV 103.8 MPH)
|
|
Batting: SHB John Welsh
|
0-0: Foul Ball, location: 2F 0-1: Ball 1-1: Foul Ball, location: 2F 1-2: Foul Ball, location: 2F 1-2: Ball 2-2: Strikes out swinging
|
|
Batting: LHB Brian Clayton
|
0-0: Called Strike 0-1: SINGLE (Groundball, 4S, EV 74.4 MPH) (infield hit) Jeff Shields to third
|
|
Batting: LHB Matt Stewart
|
0-0: SINGLE (Flyball, 89S, EV 91.2 MPH) Jeff Shields scores Brian Clayton to second
|
|
Batting: SHB Jon Odle
|
0-0: Called Strike 0-1: Foul Ball, location: 2F 0-2: Foul Ball, location: 2F 0-2: Ball 1-2: Fielders Choice at 2nd, 5-4 (Groundball, 56, EV 87.5 MPH) Brian Clayton to third
|
|
Batting: RHB Jeff Blakeney
|
0-0: Foul Ball, location: 2F 0-1: Foul Ball, location: 2F 0-2: Fly out, F8 (Flyball, 8RS, EV 84.4 MPH)
|
| Bottom of the 7th over - 1 run, 3 hits, 0 errors, 2 left on base; Coastal Carolina University 0 - Florida State University 3 |
| TOP OF THE 8TH |
|
Coastal Carolina University Chanticleers batting - Pitching for Florida State University Seminoles : RHP Pat Knapke
|
|
Batting: LHB Tim Kirby
|
0-0: Called Strike 0-1: Called Strike 0-2: Ball 1-2: Foul Ball, location: 2F 1-2: Strikes out looking
|
|
Pitching: RHP Adam Todd
|
|
|
Batting: RHB Pedro Delgado
|
0-0: Swinging Strike 0-1: Foul Ball, location: 2F 0-2: Ball 1-2: Ground out 4-3 (Groundball, 34, EV 107.5 MPH)
|
|
Batting: SHB Iher Waithaka
|
0-0: Called Strike 0-1: Ball 1-1: Ground out 4-3 (Groundball, 34, EV 99.4 MPH)
|
| Top of the 8th over - 0 runs, 0 hits, 0 errors, 0 left on base; Coastal Carolina University 0 - Florida State University 3 |
| BOTTOM OF THE 8TH |
|
Florida State University Seminoles batting - Pitching for Coastal Carolina University Chanticleers : RHP Mitsuaki Fukunaga
|
|
Batting: RHB Tony Valdez
|
0-0: Called Strike 0-1: Ball 1-1: Ball 2-1: Ball 3-1: SINGLE (Groundball, 34D, EV 96.2 MPH)
|
|
Batting: LHB John Doiron
|
0-0: Called Strike 0-1: Swinging Strike 0-2: Fly out, F8 (Flyball, 78M, EV 85.0 MPH)
|
|
Batting: RHB George Smienk
|
0-0: Foul Ball, location: 2F 0-1: Swinging Strike 0-2: Foul Ball, location: 2F 0-2: Foul Ball, location: 2F 0-2: Foul Ball, location: 2F 0-2: Strikes out looking
|
|
Batting: LHB Jeff Shields
|
0-0: Ball 1-0: Ball 2-0: Foul Ball, location: 2F 2-1: Ball 3-1: Called Strike 3-2: Strikes out swinging
|
| Bottom of the 8th over - 0 runs, 1 hit, 0 errors, 1 left on base; Coastal Carolina University 0 - Florida State University 3 |
| TOP OF THE 9TH |
|
Coastal Carolina University Chanticleers batting - Pitching for Florida State University Seminoles : RHP Adam Todd
|
|
Pitching: RHP Bobby Rodriquez
|
|
|
Batting: LHB Jason Melek
|
0-0: Called Strike 0-1: Swinging Strike 0-2: Ball 1-2: Ball 2-2: Strikes out swinging
|
|
Pinch Hitting: LHB Nate Kokx
|
0-0: Foul Ball, location: 2F 0-1: Ball 1-1: Swinging Strike 1-2: Ball 2-2: Strikes out looking
|
|
Batting: LHB Justin Sanders
|
0-0: Swinging Strike 0-1: Swinging Strike 0-2: Strikes out looking
|
| Top of the 9th over - 0 runs, 0 hits, 0 errors, 0 left on base; Coastal Carolina University 0 - Florida State University 3 |
|